 Dungeon Crawl Stone Soup version 0.15.2 (webtiles) character file.

5342 magipi the Nimble (level 10, -4/65 HPs)
             Began as a Mummy Necromancer on Dec 19, 2014.
             Was a Priest of Kikubaaqudgha.
             Slain by a troll (18 damage)
             ... on Level 10 of the Dungeon.
             The game lasted 01:33:29 (13674 turns).

magipi the Nimble (Mummy Necromancer)              Turns: 13674, Time: 01:33:29

HP  -4/65        AC  9     Str 11      XL: 10   Next: 38%
MP   0/16        EV 17     Int 15      God: Kikubaaqudgha [***...]
Gold 574         SH  0     Dex 14      Spells:  4 memorised,  4 levels left

rFire  x . .     SeeInvis .     a - +1 dagger (elec)
rCold  + + .     Clarity  .     E - +2 robe {rC+}
rNeg   + + +     rCorr    .     (no shield)
rPois  +         rRot     +     (no helmet)
rElec  .         Spirit   +     (no cloak)
SustAb .         Warding  .     (no gloves)
rMut   .         Stasis   .     l - +0 pair of boots
Gourm  .                        m - amulet of guardian spirit
MR     +....                    (no ring)
                                B - +4 ring of protection

@: somewhat resistant to hostile enchantments, unstealthy
A: no food or potions, fire vulnerability, restore body, cold resistance 1,
negative energy resistance 3, poison resistance, torment resistance, unbreathing
a: Receive Corpses, Renounce Religion


You were on level 10 of the Dungeon.
You worshipped Kikubaaqudgha.
Kikubaaqudgha was most pleased with you.
You were not hungry.

You visited 1 branch of the dungeon, and saw 10 of its levels.

You collected 606 gold pieces.
You spent 32 gold pieces at shops.

Notes
Turn   | Place    | Note
--------------------------------------------------------------
     0 | D:1      | magipi, the Mummy Necromancer, began the quest for the Orb.
     0 | D:1      | Reached XP level 1. HP: 13/13 MP: 3/3
     2 | D:1      | Learned a level 1 spell: Animate Skeleton
   346 | D:1      | Reached XP level 2. HP: 19/19 MP: 2/4
  1598 | D:2      | Reached skill level 5 in Necromancy
  1611 | D:2      | Reached XP level 3. HP: 24/24 MP: 0/6
  2601 | D:3      | Reached XP level 4. HP: 30/30 MP: 3/7
  2706 | D:3      | Reached skill level 6 in Necromancy
  3176 | D:4      | Noticed Blork the orc
  3631 | D:4      | Reached XP level 5. HP: 35/35 MP: 3/9
  3694 | D:4      | Noticed Grinder
  3850 | D:5      | Entered Level 5 of the Dungeon
  4017 | D:4      | Noticed an ogre
  4041 | D:4      | Killed an ogre
  4041 | D:4      | Reached skill level 7 in Necromancy
  4041 | D:4      | Reached XP level 6. HP: 31/41 MP: 3/10
  4289 | D:5      | Found Ylyxelibb's Weapon Boutique.
  4301 | D:5      | Bought a +0 blowgun for 32 gold pieces
  4514 | D:5      | Learned a level 3 spell: Vampiric Draining
  4519 | D:5      | Learned a level 4 spell: Animate Dead
  4848 | D:5      | Got a brightly glowing mace
  4849 | D:5      | Identified the +7 mace "Z" {freeze, -Cast rF+ Int+1 SInv} (You found it on level 5 of the Dungeon)
  4915 | D:5      | Found a bloodstained altar of Trog.
  4937 | D:5      | Reached skill level 8 in Necromancy
  5182 | D:5      | Noticed a hippogriff
  5200 | D:5      | Killed a hippogriff
  5200 | D:5      | Reached XP level 7. HP: 29/46 MP: 3/12
  6423 | D:6      | Noticed Edmund
  6431 | D:6      | Killed Edmund
  6431 | D:6      | Reached skill level 5 in Dodging
  6579 | D:6      | Reached XP level 8. HP: 48/52 MP: 7/13
  7387 | D:6      | Found a blossoming altar of Fedhas.
  7393 | D:6      | Found a sparkling altar of Nemelex Xobeh.
  7399 | D:6      | Found a snail-covered altar of Cheibriados.
  7399 | D:6      | Found an ancient bone altar of Kikubaaqudgha.
  7399 | D:6      | Found a glowing silver altar of Zin.
  7399 | D:6      | Found a basalt altar of Yredelemnul.
  7402 | D:6      | Found a burning altar of Makhleb.
  7409 | D:6      | Became a worshipper of Kikubaaqudgha
  8257 | D:7      | Found Zooraore's Weapon Shop.
  8287 | D:7      | Found a staircase to the Ecumenical Temple.
  8538 | D:7      | Reached XP level 9. HP: 43/57 MP: 11/14
  8746 | D:7      | Acquired Kikubaaqudgha's first power
  8746 | D:7      | Received a gift from Kikubaaqudgha
  8749 | D:7      | Identified Kikubaaqudgha's Guide on Evil Magic (Kikubaaqudgha gifted it to you on level 7 of the Dungeon)
  9189 | D:8      | Noticed a komodo dragon
  9248 | D:7      | Killed a komodo dragon
  9248 | D:7      | Reached skill level 9 in Dodging
  9611 | D:8      | Found a stormy altar of Qazlal.
  9839 | D:8      | Reached skill level 1 in Fighting
  9975 | D:8      | Reached skill level 1 in Short Blades
 10867 | D:9      | Acquired Kikubaaqudgha's second power
 11831 | D:10     | Entered Level 10 of the Dungeon
 11915 | D:10     | Reached XP level 10. HP: 65/65 MP: 10/16
 12097 | D:10     | Reached skill level 5 in Short Blades
 12510 | D:10     | Noticed a purple ugly thing
 12511 | D:10     | Received a gift from Kikubaaqudgha
 12713 | D:9      | Killed a purple ugly thing
 13235 | D:10     | Found a staircase to the Lair.
 13573 | D:10     | Identified Kikubaaqudgha's Incunabulum of Dark Magic (Kikubaaqudgha gifted it to you on level 10 of the Dungeon)
 13674 | D:10     | Slain by a troll

Inventory:

Hand weapons
 a - a +1 dagger of electrocution (weapon)
 b - a +0 blowgun
 n - a +0 mace of protection
 s - a +1 short sword of venom
 x - the +7 mace "Z" {freeze, -Cast rF+ Int+1 SInv}
   (You found it on level 5 of the Dungeon)

   It has been specially enchanted to freeze those struck by it, causing extra
   injury to most foes and up to double damage against particularly susceptible
   opponents.
   It can also slow down cold-blooded creatures.
   It affects your intelligence (+1).
   It protects you from fire.
   It enhances your eyesight.
   It prevents spellcasting.
 A - a +2 halberd of venom
Missiles
 k - 34 poisoned needles
Armour
 l - a +0 pair of boots (worn)
 t - a +2 scale mail of cold resistance
 E - a +2 robe of cold resistance (worn)
Magical devices
 g - a wand of slowing (10)
 r - a wand of flame (3)
 w - a wand of draining (0)
 y - a wand of random effects (20)
 C - a wand of hasting (1)
 G - a wand of draining (11)
Scrolls
 c - a scroll of enchant weapon
 d - a scroll of magic mapping
 i - a scroll of fog {unknown}
 j - a scroll of noise {unknown}
 p - a scroll of blinking {unknown}
 q - a scroll of fear {unknown}
 v - a scroll of amnesia {unknown}
 z - 2 scrolls of remove curse
 D - a scroll of torment {unknown}
 F - a scroll of random uselessness {unknown}
Jewellery
 m - an amulet of guardian spirit (around neck)
 B - a +4 ring of protection (left hand)
Books
 e - a book of Necromancy

   Spells                             Type                      Level
   *Pain                              Necromancy                   1
   *Animate Skeleton                  Necromancy                   1
   *Vampiric Draining                 Necromancy                   3
   Regeneration                       Charms/Necromancy            3
   *Animate Dead                      Necromancy                   4
   Control Undead                     Necromancy                   4
 f - Kikubaaqudgha's Guide on Evil Magic
   (Kikubaaqudgha gifted it to you on level 7 of the Dungeon)

   Spells                             Type                      Level
   *Animate Skeleton                  Necromancy                   1
   *Pain                              Necromancy                   1
   Corpse Rot                         Necromancy                   2
   *Vampiric Draining                 Necromancy                   3
   Control Undead                     Necromancy                   4
 h - Kikubaaqudgha's Incunabulum of Dark Magic
   (Kikubaaqudgha gifted it to you on level 10 of the Dungeon)

   Spells                             Type                      Level
   *Animate Dead                      Necromancy                   4
   Bolt of Draining                   Conjuration/Necromancy       5
   Agony                              Necromancy                   5
   Dispel Undead                      Necromancy                   5
   Death Channel                      Necromancy                   6
 o - a book of Alchemy

   Spells                             Type                      Level
   Sublimation of Blood               Necromancy                   2
   Alistair's Intoxication            Transmutation/Poison         4
   Condensation Shield                Ice                          4
   Petrify                            Transmutation/Earth          4
   Ignite Poison                      Fire/Transmutation           5
Magical staves
 u - an uncursed staff of fire


   Skills:
 - Level 1.0 Fighting
 + Level 6.8 Short Blades
 - Level 9.5 Dodging
 - Level 1.5 Stealth
 - Level 2.0 Spellcasting
 - Level 8.0 Necromancy


You had 4 spell levels left.
You knew the following spells:

 Your Spells              Type           Power        Failure   Level  Hunger
a - Pain                  Necr           ####         1%          1    N/A
b - Animate Dead          Necr           N/A          10%         4    N/A
c - Vampiric Draining     Necr           ####......   2%          3    N/A
d - Animate Skeleton      Necr           N/A          1%          1    N/A

Dungeon Overview and Level Annotations

Branches:
Dungeon (10/15)            Temple (0/1) D:7            Lair (0/8) D:10
    Orc: D:9-12

Altars:
Cheibriados
Fedhas
Kikubaaqudgha
Makhleb
Nemelex Xobeh
Qazlal
Trog
Yredelemnul
Zin

Shops:
D:5 (   D:7 (

Annotations:
D:3 Blork the orc
D:4 Grinder


Innate Abilities, Weirdness & Mutations

You do not eat or drink.
Your flesh is vulnerable to fire.
Your flesh is cold resistant.
You are immune to negative energy.
Your system is resistant to poisons.
You are immune to unholy pain and torment.
You can survive without breathing.

Vault maps used:
D:1:      mrwooster_arrival_statue_2
D:4:      first_bread, grunt_ministairs_14, uniq_grinder, uniq_blork_the_orc
D:5:      lemuel_round_altar, serial_shops, nicolae_shop_waterfront
D:6:      minitemple, uniq_edmund
D:7:      lemuel_temple_firewalk, serial_shops, shop, enter_ossuary_1
D:8:      old_standard_altar, the_bakery
D:9:      serial_park_tiny_2
D:10:     lair_0_dummy, serial_shops, shop, grunt_potential


Message History

The jelly hits you but does no damage.
You completely miss the jelly.
The jelly is almost dead.
The jelly closely misses you.
You hit the jelly.
There is a sudden explosion of sparks!
The acid corrodes your equipment!
You kill the jelly!
Kikubaaqudgha accepts your kill.
You start resting.
HP restored.
You repair your equipment.
Things that are here:
a falchion; a ring mail Put on which piece of jewellery? (? for menu, Esc to quit)
Okay, then.
There is an open door here.
Things that are here:
an uncursed shortbow; 19 arrows The orc wizard shouts!
You see here a runed mace.
Casting: Pain
Confirm with . or Enter, or press ? or * to list all spells.
Aiming: Pain
Press: ? - help, Shift-Dir - straight line, f/p - orc wizard
Aim: an orc wizard, wielding a dagger and wearing a robe (severely wounded)
The orc wizard convulses in agony!
You kill the orc wizard!
Kikubaaqudgha accepts your kill.
Casting: Pain
Confirm with . or Enter, or press ? or * to list all spells.
You can't see any susceptible monsters within range! (Use Z to cast anyway.) Unknown command.
Things that are here:
a mace; a plate armour You see here a runed mace.
Things that are here:
a mace; a plate armour
Things that are here:
a dagger; a robe; an orc corpse
Casting: Pain
Confirm with . or Enter, or press ? or * to list all spells.
You call on the dead to rise...
The dead are walking!
Unknown command.
There is an open door here. h - Kikubaaqudgha's Incunabulum of Dark Magic Read which item? (? for menu, Esc to quit)
Search for what [Enter for "armo", or ? for help]? jewe Can't find anything matching that.
Unknown command.
You see here a short sword.
Found an inky potion.
The troll shouts!
Casting: Animate Dead
Confirm with . or Enter, or press ? or * to list all spells.
Aiming: Pain
Press: ? - help, Shift-Dir - straight line, f - troll
Aim: a troll The troll convulses in agony!
Casting: Pain
Confirm with . or Enter, or press ? or * to list all spells.
Aiming: Pain
Press: ? - help, Shift-Dir - straight line, f/p - troll
Aim: a troll (lightly wounded)
The troll convulses in agony!
Casting: Pain
Confirm with . or Enter, or press ? or * to list all spells.
Aiming: Vampiric Draining
Press: ? - help, Shift-Dir - straight line, f/p - troll
Aim: a troll (lightly wounded) Nothing appears to happen.
The troll bites you!! The troll claws you. The troll claws you!
Unknown command.
You closely miss the troll.
The troll is lightly wounded.
Casting: Vampiric Draining
Confirm with . or Enter, or press ? or * to list all spells.
Aiming: Pain
Press: ? - help, Shift-Dir - straight line, f/p - troll
Aim: a troll (lightly wounded)
The troll convulses in agony!
The troll bites you! The troll completely misses you.
The troll claws you but does no damage.
Your orc zombie hits the troll but does no damage.
Casting: Pain
Confirm with . or Enter, or press ? or * to list all spells.
Aiming: Vampiric Draining
Press: ? - help, Shift-Dir - straight line, f/p - troll
Aim: a troll (moderately wounded)
The troll is severely wounded.
You feel life coursing into your body. The troll bites you!!
* * * LOW HITPOINT WARNING * * *
The troll claws you!
* * * LOW HITPOINT WARNING * * *
The troll barely misses you.
Your orc zombie barely misses the troll.
Your orc zombie completely misses the troll.
You closely miss the troll.
The troll is heavily wounded.
The troll bites you!!
You die...
Kikubaaqudgha rasps: "You have failed me!
Welcome... oblivion!"

...................)......
..................#########
.........#######..# .........#
#..# ...$.....# #..#
.........#######..#########
.................[)........
............................
.........ZT@....########....
###############...# #.###
#...!.............########.###
#.............................
#.............................
############...#############..
#...# #.. #...# #.. ##### ###


You could see a troll and a friendly orc zombie.

Vanquished Creatures
  A komodo dragon (D:7)
  A spriggan (D:8)
  A hungry ghost (D:10)
  Edmund (D:6)
  A water moccasin (D:6)
  2 ice beasts
  A centaur (D:10)
  6 ogres
  A black bear (D:8)
  A sky beast (D:8)
  3 orc warriors
  2 big kobolds
  5 giant frogs
  3 scorpions
  4 killer bees
  5 wights (D:9)
  A centaur zombie (D:7)
  2 goliath beetles
  7 crimson imps
  5 hounds
  4 jellies (D:10)
  An iguana (D:6)
  2 orc priests
  7 orc wizards
  11 worker ants
  An ogre skeleton (D:9)
  A mummy (D:10)
  8 adders
  3 gnolls (D:10)
  A shadow imp (D:8)
  2 giant mites
  A worm (D:3)
  An iguana skeleton (D:10)
  5 giant geckos
  An ooze (D:7)
  31 orcs
  10 bats
  12 giant cockroaches
  19 goblins
  14 hobgoblins
  10 jackals
  3 quokkas
  5 giant newts
  A hobgoblin skeleton (D:6)
  22 kobolds
  An orc skeleton (D:8)
  A quokka zombie (D:8)
  14 rats
  A rat skeleton (D:7)
246 creatures vanquished.

Vanquished Creatures (collateral kills)
  An ugly thing (D:9)
  A hippogriff (D:5)
  An ogre (D:10)
  A necrophage (D:6)
  A giant frog (D:6)
  A killer bee (D:8)
  A scorpion (D:7)
  A goliath beetle (D:6)
  2 orc priests
  A crimson imp (D:6)
  3 jellies
  A giant frog skeleton (D:8)
  An orc wizard (D:5)
  A hound (D:10)
  A worker ant (D:5)
  A hound skeleton (D:5)
  A gnoll (D:10)
  A worm (D:4)
  3 orcs
  A jackal (D:1)
  A kobold (D:6)
  A giant gecko skeleton (D:4)
  A giant newt (D:7)
  An orc zombie (D:7)
  3 rats
32 creatures vanquished.

Vanquished Creatures (others)
  An ice beast (D:7)
  3 killer bees (D:7)
  2 giant frog zombies
  A black bear zombie (D:8)
  A killer bee zombie (D:7)
  An ogre zombie (D:7)
  A big kobold zombie (D:9)
  A hound skeleton (D:4)
  A hound zombie (D:9)
  5 worker ant zombies
  2 adder zombies
  2 bat skeletons
  5 bat zombies
  A giant mite zombie (D:7)
  A giant cockroach zombie (D:7)
  A giant gecko zombie (D:5)
  2 giant newt zombies
  4 goblin skeletons
  2 hobgoblin skeletons (D:3)
  2 hobgoblin zombies
  4 jackal zombies
  4 kobold zombies
  5 orc skeletons
  10 orc zombies
  6 rat skeletons
68 creatures vanquished.

Grand Total: 346 creatures vanquished

Action                   |  1- 3 |  4- 6 |  7- 9 | 10-12 || total
-------------------------+-------+-------+-------+-------++-------
Melee: Club              |     1 |       |       |       ||     1
       Whip              |     9 |       |       |       ||     9
       Short sword       |       |    28 |     3 |       ||    31
       Mace              |       |     9 |    46 |       ||    55
       Dagger            |       |       |   163 |   138 ||   301
 Fire: Blowgun           |       |     4 |    88 |       ||    92
 Cast: Pain              |    83 |    89 |   118 |    56 ||   346
       Animate Skeleton  |    20 |    13 |       |       ||    33
       Animate Dead      |       |     6 |    50 |     8 ||    64
       Vampiric Draining |       |       |    14 |     7 ||    21
Evoke: Wand              |       |     1 |    10 |     3 ||    14
  Use: Scroll            |       |     4 |     3 |     1 ||     8
 Stab: Sleeping          |       |     1 |     8 |       ||     9
       Distracted        |       |       |     1 |     1 ||     2

Action                   |  1- 3 |  4- 6 |  7- 9 | 10-12 || total
-------------------------+-------+-------+-------+-------++-------
Melee: Club              |     1 |       |       |       ||     1
       Whip              |     9 |       |       |       ||     9
       Short sword       |       |    28 |     3 |       ||    31
       Mace              |       |     9 |    46 |       ||    55
       Dagger            |       |       |   163 |   138 ||   301
 Fire: Blowgun           |       |     4 |    88 |       ||    92
 Cast: Pain              |    83 |    89 |   118 |    56 ||   346
       Animate Skeleton  |    20 |    13 |       |       ||    33
       Animate Dead      |       |     6 |    50 |     8 ||    64
       Vampiric Draining |       |       |    14 |     7 ||    21
Evoke: Wand              |       |     1 |    10 |     3 ||    14
  Use: Scroll            |       |     4 |     3 |     1 ||     8
 Stab: Sleeping          |       |     1 |     8 |       ||     9
       Distracted        |       |       |     1 |     1 ||     2
